 Dungeon Crawl Stone Soup version 0.21.1-72-gffa868e (webtiles) character file.

261576 Madoushi the Executioner (level 19, -8/189 HPs)
             Began as a Minotaur Berserker on Aug 5, 2018.
             Was the Champion of Trog.
             Mangled by a shadow dragon simulacrum (46 damage)
             ... on level 3 of the Vaults.
             The game lasted 01:59:58 (35542 turns).

Madoushi the Executioner (Minotaur Berserker)      Turns: 35542, Time: 01:59:58

Health: -8/189     AC: 35    Str: 29    XL:     19   Next: 58%
Magic:  18/18      EV: 12    Int:  7    God:    Trog [******]
Gold:   2871       SH: 15    Dex: 11    Spells: 18/18 levels left

rFire    + + .     SeeInvis .   U - +9 broad axe (elec)
rCold    x . .     Gourm    .   X - +0 shield
rNeg     . . .     Faith    .   K - +8 plate armour {rF+}
rPois    +         Spirit   .   r - +2 hat {Int+3}
rElec    .         Reflect  .   N - +0 cloak
rCorr    .         Harm     .   F - +0 pair of gloves
MR       +....                  c - +2 pair of boots
Stlth    ..........             v - amulet of regeneration
HPRegen  0.81/turn              p - ring of fire
MPRegen  0.16/turn              Z - ring of poison resistance

@: marked
A: retaliatory headbutt, horns 2
}: 1/15 runes: gossamer
a: Berserk, Trog's Hand, Brothers in Arms, Burn Spellbooks, Renounce Religion


You were on level 3 of the Vaults.
You worshipped Trog.
Trog was exalted by your worship.
You were hungry.

You visited 6 branches of the dungeon, and saw 34 of its levels.
You visited the Abyss 1 time.
You also visited: Ossuary.

You collected 3081 gold pieces.
You spent 210 gold pieces at shops.

Inventory:

Hand Weapons
 b - the +8 war axe "Caeq" {flame, rF+ rN+ Str-4}
   (You found it on level 4 of the Spider Nest)

   It has been specially enchanted to burn those struck by it, causing extra
   injury to most foes and up to half again as much damage against particularly
   susceptible opponents.
   Big, fiery blades are also staple armaments of hydra-hunters.
   It affects your strength (-4).
   It protects you from fire.
   It protects you from negative energy.
 h - the +9 war axe of Qukuc {holy, MR+ Int+4 Stlth+}
   (Trog gifted it to you on level 2 of the Vaults)

   It has been blessed by the Shining One to cause great damage to the undead
   and demons.
   It affects your intelligence (+4).
   It affects your resistance to hostile enchantments.
   It makes you more stealthy.
 k - a +5 antimagic broad axe
 s - the +11 war axe of the Assorted Seas {elec, rN+}
   (You found it on level 4 of the Dungeon)

   Occasionally, upon striking a foe, it will discharge some electrical energy
   and cause terrible harm.
   It protects you from negative energy.
 x - a +1 antimagic broad axe
 U - a +9 broad axe of electrocution (weapon)
Armour
 c - a +2 pair of boots (worn)
 r - a +2 hat of intelligence (worn)
 F - a +0 pair of gloves (worn)
 K - a +8 plate armour of fire resistance (worn)
 N - a +0 cloak (worn)
 Q - the +1 plate armour of Moral Flaws {rF+}
   (You found it on level 2 of the Vaults)

   It protects you from fire.
 R - a +0 chain mail of magic resistance
 X - a +0 shield (worn)
Jewellery
 n - a cursed ring of loudness {unknown}
 p - a ring of fire (left hand)
 t - an uncursed ring of flight
 v - an amulet of regeneration (around neck)
 z - an uncursed ring of protection from cold
 E - a +2 ring of evasion
 O - the ring "Gygyaff" {rCorr rF+ rC+ Int+4 Slay-6}
   (You found it on level 8 of the Dungeon)

   [ring of resist corrosion]

   It affects your intelligence (+4).
   It affects your accuracy and damage with ranged weapons and melee attacks
   (-6).
   It protects you from fire.
   It protects you from cold.
 Z - a ring of poison resistance (right hand)
Wands
 d - a wand of acid (6)
 g - a wand of digging (1)
 u - a wand of flame (77)
 y - a wand of enslavement (3)
 J - a wand of iceblast (11)
Scrolls
 e - a scroll of enchant weapon
 w - 10 scrolls of teleportation
 G - 4 scrolls of holy word
 H - 3 scrolls of identify
 I - a scroll of blinking
 L - 2 scrolls of fear
 S - a scroll of fog
 T - 6 scrolls of magic mapping
 W - 7 scrolls of remove curse
 Y - 3 scrolls of silence
Potions
 a - a potion of invisibility {unknown}
 f - 4 potions of resistance
 i - 13 potions of curing
 j - 3 potions of flight
 l - 5 potions of ambrosia
 m - 7 potions of brilliance
 o - 4 potions of heal wounds
 q - 4 potions of cancellation
 A - 2 potions of berserk rage {unknown}
 B - 2 potions of magic {unknown}
 C - 5 potions of agility
 D - 3 potions of might
 V - 2 potions of haste
Comestibles
 M - 44 rations


   Skills:
 + Level 21.2 Fighting
 + Level 22.7 Axes
 + Level 18.1 Armour
 + Level 8.1 Dodging
 + Level 3.1 Stealth
 + Level 16.7 Shields
 + Level 2.2 Unarmed Combat
 + Level 0.6 Evocations


You had 18 spell levels left.
You didn't know any spells.

Dungeon Overview and Level Annotations

Branches:
Dungeon (15/15)            Temple (0/1) D:7            Lair (6/6) D:11
 Shoals (4/4) Lair:3       Spider (4/4) Lair:3          Orc (2/2) D:12
    Elf (0/3) Orc:2        Vaults (3/5) D:13
  Slime: Lair:5-6     Crypt: Vaults:2-3  Depths: D:15

Altars:
Ashenzari
Cheibriados
Gozag
Hepliaklqana
Qazlal
Ru
Trog
Yredelemnul
Zin
The Shining One
Beogh

Shops:
D:7 [   Orc:1 !   Orc:2 !!}[}   Shoals:3 (   Vaults:1 !

Annotations:
Lair:3 exclusion: oklob plant
Lair:5 exclusion: oklob plant
Lair:6 exclusion: oklob plant


Innate Abilities, Weirdness & Mutations

You reflexively headbutt those who attack you in melee.
You have a pair of horns on your head.


Message History

The yaktaur is heavily wounded.
You slash the shadow dragon simulacrum! You block the yaktaur's attack.
You slice the yaktaur!! Your headbutt misses the yaktaur.
The yaktaur is almost dead.
You slash the shadow dragon simulacrum!
The shadow dragon simulacrum bites you but does no damage.
You block the shadow dragon simulacrum's attack.
The shadow dragon simulacrum claws you.
The shadow dragon simulacrum freezes you!!!
You feel a terrible chill!
* * * LOW HITPOINT WARNING * * *
The yaktaur barely misses you. You furiously retaliate!
You headbutt the yaktaur!
You kill the yaktaur!
Trog accepts your kill. The shadow dragon simulacrum bites you.
* * * LOW HITPOINT WARNING * * *
The shadow dragon simulacrum freezes you!!!
You feel a terrible chill!
You die...

#.###.###.###.
#..#...#...#..
#............
#.(.# ..#
##)###.##
#.)†#...#
##)c)..#
###Z####
##()@##
##..((.##
#.......#
#.......#
#.......#
#...<...#
#.......#
#########


You could see a yaktaur and a shadow dragon simulacrum.

Vanquished Creatures
  Mara (Spider:3)
  Arachne (Spider:2)
  Gastronok (Lair:3)
  2 krakens
  Frances (Spider:1)
  Roxanne (Spider:1)
  A frost giant (Vaults:3)
  A deep elf sorcerer (Vaults:1)
  An orc warlord (Vaults:2)
  4 vault wardens
  5 ghost moths
  3 emperor scorpions
  6 very ugly things
  9 ironheart preservers
  6 entropy weavers
  2 stone giants
  Nessos (D:13)
  The ghost of Rwicked the Fencer, a journeyman MiBe of Trog (Lair:6)
  Azrael (Spider:2)
  A deep elf annihilator (D:13)
  4 spark wasps
  2 fire dragons
  A merfolk impaler (Shoals:2)
  6 yaktaur captains
  An ettin (Vaults:1)
  Josephine (D:12)
  5 hydras
  A rakshasa (Vaults:1)
  8 vault guards (D:13)
  3 ice dragons
  Erolcha (D:12)
  A merfolk aquamancer (Shoals:1)
  27 two-headed ogres
  8 centaur warriors
  7 ogre magi
  A deep troll shaman (Vaults:3)
  A deep troll earth mage (Vaults:2)
  A queen ant (Spider:1)
  A deep elf knight (Vaults:1)
  11 skeletal warriors
  A shadow wraith (Vaults:1)
  7 sea snakes
  A glowing orange brain (Vaults:1)
  8 deep trolls
  A flayed ghost (D:8)
  3 deep elf archers
  Pikel (D:5)
  The ghost of Madoushi the Cleaver, a novice MiBe of Trog (D:6)
  A lindwurm (Lair:6)
  18 harpies
  23 orb spiders
  8 orc knights
  7 ironbrand convokers
  2 orc sorcerers
  17 ugly things
  9 deep elf magi
  33 wolf spiders
  7 manticores
  7 fauns
  9 cyclopes
  6 merfolk sirens
  3 centaur zombies
  A black mamba (shapeshifter) (Vaults:2)
  Maurice (D:12)
  3 torpor snails
  5 water nymphs
  2 molten gargoyles (Lair:6)
  9 spiny frogs
  7 vault sentinels
  6 black mambas
  A rime drake (Lair:3)
  A centaur skeleton (D:14)
  A gargoyle (D:14)
  3 freezing wraiths (Vaults:1)
  9 komodo dragons
  2 efreet (D:14)
  12 demonic crawlers
  34 yaktaurs
  2 ice devils (Orc:2)
  11 merfolk
  11 trolls
  15 hornets
  3 wind drakes
  A wind drake (shapeshifter) (D:14)
  41 jumping spiders
  11 hippogriffs
  Prince Ribbit (Lair:3)
  A hornet (shapeshifter) (D:13)
  6 snapping turtles
  14 blink frogs
  22 slime creatures
  9 dream sheep
  A meliai zombie (D:10)
  85 redbacks
  31 tarantellas
  A shadow (D:13)
  A ynoxinul (Abyss:2)
  10 water elementals
  5 wraiths
  3 fire elementals
  A vampire (D:9)
  4 wyverns
  46 yaks
  A basilisk (shapeshifter) (Vaults:2)
  8 basilisks
  Eustachio (D:5)
  Menkaure (D:5)
  A hungry ghost (D:12)
  3 steam dragons (Lair:6)
  A warg (Vaults:1)
  4 acid dragons
  Edmund (D:6)
  11 water moccasins
  9 hell hounds
  18 soldier ants
  16 porcupines
  5 sky beasts
  47 orc warriors
  An eye of draining (D:8)
  3 phantoms
  A hornet zombie (D:15)
  5 ice beasts
  25 ogres
  2 slaves (D:5)
  3 black bears
  A swamp drake (D:12)
  28 centaurs
  A necrophage (D:8)
  5 boggarts (Vaults:2)
  12 crocodiles
  5 wolves (Lair:6)
  Blork the orc (D:5)
  A big kobold (D:9)
  24 bullfrogs
  A wyvern zombie (D:10)
  An ogre simulacrum (Vaults:1)
  A wyvern skeleton (D:7)
  2 scorpions
  5 killer bees (D:7)
  3 howler monkeys (D:8)
  21 wights
  The ghost of dscm the Grave Robber, a weakling DsNe (D:3)
  6 electric eels
  7 crimson imps
  A quasit (D:8)
  6 lava snakes (Lair:6)
  A bullfrog zombie (D:11)
  3 jellies
  Crazy Yiuf (D:7)
  8 hounds
  18 orc priests
  13 orc wizards
  4 bullfrog skeletons
  2 iguanas
  42 worker ants
  2 killer bee zombies (D:9)
  3 big kobold zombies (Ossuary)
  5 hound zombies
  2 hound skeletons
  3 mummies (Ossuary)
  2 worker ant zombies
  11 gnolls
  10 adders
  2 shadow imps
  7 white imps
  An ooze (D:3)
  3 adder zombies (Ossuary)
  An adder skeleton (D:8)
  3 worms
  A dart slug (D:2)
  A leopard gecko (D:11)
  92 orcs
  5 giant cockroaches
  2 gnoll zombies (Ossuary)
  10 goblins
  10 hobgoblins
  16 jackals
  10 kobolds
  2 quokkas
  A ball python (D:4)
  A ball python skeleton (D:6)
  12 bats
  5 frilled lizards
  4 goblin zombies (Ossuary)
  4 jackal zombies (Ossuary)
  6 kobold zombies (Ossuary)
  A leopard gecko skeleton (D:8)
  2 orc zombies (Ossuary)
  A quokka skeleton (D:5)
  A quokka zombie (Ossuary)
  4 rats
  7 rat zombies (Ossuary)
  7 bushes (D:15)
  A fungus (Lair:6)
  A pillar of salt (Vaults:2)
  7 plants
  3 tentacles
1410 creatures vanquished.

Vanquished Creatures (collateral kills)
  A yaktaur captain (Vaults:1)
  A death knight (Vaults:1)
  A two-headed ogre (Vaults:2)
  A skeletal warrior (Vaults:1)
  An unseen horror (D:8)
  An ironbrand convoker (Vaults:1)
  A cyclops (D:8)
  A redback (Spider:3)
  3 orc warriors (Vaults:2)
  2 orc priests (Vaults:2)
  An orc (Vaults:2)
14 creatures vanquished.

Vanquished Creatures (others)
  2 jumping spiders
  2 redbacks (Spider:2)
  An orc priest (D:7)
  An orc (D:7)
  3 bushes (D:15)
  11 fungi
  A pillar of salt (Vaults:2)
  23 plants
  10 tentacles
54 creatures vanquished.

Grand Total: 1478 creatures vanquished

Notes
Turn   | Place    | Note
-------+----------+-------------------------------------------
     0 | D:1      | Madoushi the Minotaur Berserker began the quest for the Orb.
     0 | D:1      | Reached XP level 1. HP: 19/19 MP: 0/0
   211 | D:1      | Reached XP level 2. HP: 25/27 MP: 1/1
   519 | D:1      | Reached skill level 4 in Axes
   519 | D:1      | Reached XP level 3. HP: 11/33 MP: 2/2
   961 | D:2      | Reached ** piety under Trog
  1303 | D:2      | Found a glowing golden altar of the Shining One.
  1479 | D:2      | Reached XP level 4. HP: 40/40 MP: 3/3
  1866 | D:3      | Noticed dscm's ghost (weakling DsNe)
  1879 | D:3      | Killed dscm's ghost
  2160 | D:3      | Reached XP level 5. HP: 45/47 MP: 4/4
  2400 | D:3      | Reached *** piety under Trog
  2739 | D:3      | Found a sacrificial altar of Ru.
  2833 | D:3      | Reached skill level 5 in Axes
  3030 | D:3      | Reached skill level 5 in Fighting
  3369 | D:4      | Reached XP level 6. HP: 50/56 MP: 5/5
  3377 | D:4      | Got a polished war axe
  3378 | D:4      | Identified the +11 war axe of the Assorted Seas {elec, rN+} (You found it on level 4 of the Dungeon)
  3633 | D:4      | Found a sand-covered staircase.
  3639 | Ossuary  | Entered an ossuary
  3685 | Ossuary  | Reached skill level 5 in Armour
  3708 | Ossuary  | Reached **** piety under Trog
  3711 | Ossuary  | Reached skill level 6 in Axes
  3818 | Ossuary  | Reached XP level 7. HP: 61/61 MP: 6/6
  3883 | D:4      | Reached skill level 7 in Axes
  4355 | D:5      | Entered Level 5 of the Dungeon
  4448 | D:5      | Found a stormy altar of Qazlal.
  4450 | D:5      | Found a hazy altar of Hepliaklqana.
  4471 | D:5      | Noticed Eustachio
  4478 | D:5      | Killed Eustachio
  4478 | D:5      | Reached skill level 8 in Axes
  4478 | D:5      | Reached XP level 8. HP: 70/70 MP: 7/7
  4740 | D:5      | Noticed Blork the orc
  4749 | D:5      | Killed Blork the orc
  4749 | D:5      | Reached skill level 9 in Axes
  4928 | D:5      | Found a glowing silver altar of Zin.
  4928 | D:5      | Found a basalt altar of Yredelemnul.
  4930 | D:5      | Noticed Menkaure
  4936 | D:5      | Killed Menkaure
  4937 | D:5      | Noticed Pikel
  4953 | D:5      | Killed Pikel
  4953 | D:5      | Reached skill level 10 in Axes
  4953 | D:5      | Reached skill level 5 in Dodging
  5203 | D:6      | Noticed Madoushi's ghost (novice MiBe)
  5214 | D:6      | Killed Madoushi's ghost
  5214 | D:6      | Reached skill level 11 in Axes
  5214 | D:6      | Reached XP level 9. HP: 79/79 MP: 8/8
  5504 | D:6      | Reached ***** piety under Trog
  5679 | D:6      | Noticed Edmund
  5686 | D:6      | Killed Edmund
  5985 | D:7      | Reached skill level 12 in Axes
  6214 | D:7      | Found Kocraim's Antique Armour Boutique.
  6251 | D:7      | Found a staircase to the Ecumenical Temple.
  6617 | D:7      | Found a runed door.
  6621 | D:7      | Noticed Crazy Yiuf
  6625 | D:7      | Killed Crazy Yiuf
  6678 | D:8      | Noticed a centaur warrior
  6679 | D:8      | Noticed a troll
  6682 | D:8      | Found a transporter.
  6684 | D:8      | Found a transporter.
  6684 | D:8      | Noticed a flayed ghost
  6684 | D:8      | Noticed a cyclops
  6753 | D:8      | Reached XP level 10. HP: 90/90 MP: 9/9
  6788 | D:8      | Killed an unseen horror
  6790 | D:8      | Noticed a two-headed ogre
  6792 | D:8      | Killed a cyclops
  6792 | D:8      | Reached skill level 13 in Axes
  6793 | D:8      | Killed a flayed ghost
  6793 | D:8      | Killed a centaur warrior
  6843 | D:8      | Got a heavily runed steel ring
  6844 | D:8      | Identified Zurgh's Tome of Battle Magic
  6887 | D:8      | Killed a two-headed ogre
  6887 | D:8      | Received a gift from Trog
  6887 | D:8      | Reached skill level 10 in Fighting
  6887 | D:8      | Reached skill level 14 in Axes
  6947 | D:8      | Identified the ring "Gygyaff" {rCorr rF+ rC+ Int+4 Slay-6} (You found it on level 8 of the Dungeon)
  7259 | D:8      | Found a bloodstained altar of Trog.
  7419 | D:8      | Reached XP level 11. HP: 76/101 MP: 10/10
  8805 | D:10     | Entered Level 10 of the Dungeon
  8896 | D:10     | Reached skill level 1 in Unarmed Combat
  9135 | D:10     | Reached ****** piety under Trog
  9327 | D:10     | Noticed a two-headed ogre
  9335 | D:10     | Killed a two-headed ogre
  9420 | D:10     | Reached skill level 15 in Axes
  9546 | D:10     | Reached skill level 10 in Armour
  9648 | D:11     | Received a gift from Trog
  9701 | D:11     | Found an opulent altar of Gozag.
 10143 | D:11     | Noticed a brown ugly thing
 10144 | D:11     | Noticed a red ugly thing
 10144 | D:11     | Killed a brown ugly thing
 10150 | D:11     | Killed a red ugly thing
 10150 | D:11     | Reached XP level 12. HP: 111/111 MP: 11/11
 10225 | D:11     | Found a staircase to the Lair.
 10648 | D:12     | Noticed a two-headed ogre
 10653 | D:12     | Killed a two-headed ogre
 10769 | D:12     | Reached skill level 16 in Axes
 10802 | D:12     | Received a gift from Trog
 10925 | D:12     | Found a staircase to the Orcish Mines.
 11220 | D:12     | Noticed Josephine
 11229 | D:12     | Killed Josephine
 11229 | D:12     | Reached skill level 1 in Stealth
 11406 | D:12     | Noticed Maurice
 11412 | D:12     | Killed Maurice
 11450 | D:12     | Noticed Erolcha
 11453 | D:12     | Cast into level 1 of the Abyss (Erolcha)
 11557 | Abyss:2  | Noticed a starcursed mass
 11567 | D:12     | Escaped the Abyss
 11571 | D:12     | Killed Erolcha
 12028 | D:13     | Reached skill level 17 in Axes
 12085 | D:13     | Noticed a vault guard
 12085 | D:13     | Noticed a vault guard
 12086 | D:13     | Noticed a vault guard
 12086 | D:13     | Noticed a vault guard
 12088 | D:13     | Found a gate to the Vaults.
 12088 | D:13     | Noticed a vault guard
 12089 | D:13     | Noticed a vault guard
 12090 | D:13     | Noticed a vault guard
 12090 | D:13     | Noticed a vault guard
 12094 | D:13     | Killed a vault guard
 12095 | D:13     | Killed a vault guard
 12097 | D:13     | Killed a vault guard
 12097 | D:13     | Reached XP level 13. HP: 122/122 MP: 12/12
 12117 | D:13     | Received a gift from Trog
 12227 | D:13     | Noticed Nessos
 12242 | D:13     | Killed Nessos
 12368 | D:13     | Found a shattered altar of Ashenzari.
 12457 | D:13     | Paralysed by a hornet for 2 turns
 12929 | D:13     | Reached skill level 1 in Shields
 13308 | D:14     | Reached skill level 18 in Axes
 13345 | D:14     | Found a flagged portal.
 13667 | D:14     | Received a gift from Trog
 13798 | D:14     | Reached XP level 14. HP: 133/133 MP: 13/13
 13877 | D:15     | Entered Level 15 of the Dungeon
 13974 | D:15     | Reached skill level 15 in Fighting
 14131 | Lair:1   | Entered Level 1 of the Lair of Beasts
 14431 | Lair:1   | Reached skill level 5 in Shields
 15942 | Lair:3   | You fall through a shaft!
 16258 | Lair:4   | Found a runed door.
 16725 | Lair:3   | Noticed Gastronok
 16731 | Lair:3   | Received a gift from Trog
 16740 | Lair:3   | Killed Gastronok
 16918 | Lair:3   | Found a staircase to the Shoals.
 16957 | Lair:3   | Noticed Prince Ribbit
 16960 | Lair:3   | Found a hole to the Spider Nest.
 16976 | Lair:3   | Killed Prince Ribbit
 18181 | Lair:5   | Found a snail-covered altar of Cheibriados.
 18803 | Lair:6   | Entered Level 6 of the Lair of Beasts
 18816 | Lair:6   | Reached skill level 19 in Axes
 19088 | Lair:6   | Noticed Rwicked's ghost (journeyman MiBe)
 19108 | Lair:6   | Killed Rwicked's ghost
 19169 | Lair:6   | Reached XP level 15. HP: 119/145 MP: 14/14
 19835 | Lair:6   | Found a large runed door.
 19835 | Lair:6   | Found a large runed door.
 20549 | Orc:1    | Entered Level 1 of the Orcish Mines
 20551 | Orc:1    | Found Litiluh's Distillery.
 20700 | Orc:2    | Entered Level 2 of the Orcish Mines
 20716 | Orc:2    | Received a gift from Trog
 20839 | Orc:2    | Found Babing's Distillery.
 20954 | Orc:2    | Found a staircase to the Elven Halls.
 21976 | Orc:2    | Found Juusiff's Armour Shop.
 21976 | Orc:2    | Found Firioff's Gadget Emporium.
 21978 | Orc:2    | Found Xiomnati's Distillery.
 21980 | Orc:2    | Found Xieng's Gadget Boutique.
 22292 | Spider:1 | Entered Level 1 of the Spider Nest
 22292 | Spider:1 | Noticed Frances
 22309 | Spider:1 | Killed Frances
 22315 | Spider:1 | Received a gift from Trog
 22686 | Spider:1 | Received a gift from Trog
 22897 | Spider:1 | Noticed Roxanne
 23125 | Spider:1 | Killed Roxanne
 23125 | Spider:1 | Reached skill level 15 in Armour
 23125 | Spider:1 | Reached skill level 10 in Shields
 23126 | Spider:1 | Identified Roxanne's Grimoire of Clay (You took it off Roxanne on level 1 of the Spider Nest)
 23497 | Spider:1 | Reached XP level 16. HP: 117/157 MP: 15/15
 23876 | Spider:2 | Noticed Azrael
 23892 | Spider:2 | Killed Azrael
 24098 | Spider:2 | Reached skill level 20 in Axes
 24120 | Spider:2 | Received a gift from Trog
 24412 | Spider:2 | Noticed Arachne
 24429 | Spider:2 | Killed Arachne
 25767 | Spider:3 | Received a gift from Trog
 25995 | Spider:3 | Noticed Mara
 26004 | Spider:3 | Noticed Madoushi's illusion
 26021 | Spider:3 | Killed Mara
 26482 | Spider:4 | Entered Level 4 of the Spider Nest
 26840 | Spider:4 | Reached XP level 17. HP: 146/166 MP: 16/16
 27079 | Spider:4 | Got a transparent war axe
 27102 | Spider:4 | Identified the +8 war axe "Caeq" {flame, rF+ rN+ Str-4} (You found it on level 4 of the Spider Nest)
 27147 | Spider:4 | Received a gift from Trog
 27586 | Spider:4 | HP: 8/168 [poisoned by an emperor scorpion]
 27591 | Spider:4 | HP: 7/168 [poisoned by an emperor scorpion]
 27597 | Spider:4 | HP: 6/168 [poisoned by an emperor scorpion]
 27603 | Spider:4 | HP: 8/168 [poisoned by an emperor scorpion]
 28043 | Spider:4 | Got a gossamer rune of Zot
 28327 | Shoals:1 | Entered Level 1 of the Shoals
 29080 | Shoals:1 | Noticed a kraken
 29095 | Shoals:1 | Killed a kraken
 29286 | Shoals:1 | Reached skill level 21 in Axes
 29839 | Shoals:2 | Received a gift from Trog
 30017 | Shoals:2 | Found the +4 Vampire's Tooth {vamp}
 30600 | Shoals:3 | Noticed a kraken
 30612 | Shoals:3 | Killed a kraken
 30712 | Shoals:3 | Found Biroum's Antique Weapon Boutique.
 31059 | Shoals:3 | Reached XP level 18. HP: 172/176 MP: 17/17
 31316 | Shoals:4 | Entered Level 4 of the Shoals
 31686 | Vaults:1 | Entered Level 1 of the Vaults
 31729 | Vaults:1 | Paralysed by an ogre mage for 3 turns
 31737 | Vaults:1 | Received a gift from Trog
 31737 | Vaults:1 | Reached skill level 15 in Shields
 32547 | Vaults:1 | Paralysed by an orc sorcerer for 7 turns
 32579 | Vaults:1 | Received a gift from Trog
 33370 | Vaults:1 | Found Xyerah's Distillery.
 33376 | Vaults:1 | Bought 2 potions of heal wounds for 140 gold pieces
 33376 | Vaults:1 | Bought a potion of heal wounds for 70 gold pieces
 33717 | Vaults:2 | Reached skill level 22 in Axes
 33912 | Vaults:2 | Received a gift from Trog
 33945 | Vaults:2 | Got a fine war axe {god gift}
 33946 | Vaults:2 | Identified the +9 war axe of Qukuc {holy, MR+ Int+4 Stlth+} (Trog gifted it to you on level 2 of the Vaults)
 34002 | Vaults:2 | Reached XP level 19. HP: 173/187 MP: 18/18
 34205 | Vaults:2 | Found a roughly hewn altar of Beogh.
 34451 | Vaults:2 | Received a gift from Trog
 34557 | Vaults:2 | Got an ichor-stained plate armour
 34569 | Vaults:2 | Identified the cursed +1 plate armour of Moral Flaws {rF+} (You found it on level 2 of the Vaults)
 35528 | Vaults:3 | Received a gift from Trog
 35542 | Vaults:3 | Mangled by a shadow dragon simulacrum

Skill      XL: |  1  2  3  4  5  6  7  8  9 10 11 12 13 14 15 16 17 18 19 |
---------------+----------------------------------------------------------+-----
Fighting       | 4 5 7 8 10 11 13 14 16 17 18 19 20 21 | 21.2
Axes           | 4 5 6 8 11 12 14 15 17 18 19 20 21 22 | 22.7
Armour         | 3 4 5 6 7 9 11 12 13 14 15 16 17 18 | 18.1
Dodging        | 3 4 5 6 7 8 |  8.1
Unarmed Combat | 2 |  2.2
Stealth        | 1 2 3 |  3.1
Shields        | 3 7 10 12 14 16 | 16.7
Evocations     | |  0.6

Action                   |  1- 3 |  4- 6 |  7- 9 | 10-12 | 13-15 | 16-18 | 19-21 || total
-------------------------+-------+-------+-------+-------+-------+-------+-------++-------
Melee: Hand axe          |    92 |    81 |       |       |       |       |       ||   173
       Headbutt          |    10 |    24 |    23 |    73 |   204 |   258 |    66 ||   658
       War axe           |       |    61 |   165 |   401 |   929 |   817 |       ||  2373
       Unarmed           |       |       |       |    13 |       |       |       ||    13
       Punch             |       |       |       |     8 |     1 |       |       ||     9
       Broad axe         |       |       |       |       |       |   318 |   237 ||   555
Invok: Berserk           |       |     1 |     3 |     4 |     7 |     6 |     2 ||    23
       Burn Spellbooks   |       |       |       |     3 |     3 |     3 |       ||     9
       Brothers in Arms  |       |       |       |     1 |       |     2 |     1 ||     4
Evoke: Wand              |       |       |       |       |       |    10 |     2 ||    12
  Use: Scroll            |       |     3 |     6 |     9 |    17 |    21 |     1 ||    57
       Potion            |       |       |       |     2 |     3 |     5 |       ||    10
  Eat: Chunk             |     2 |     4 |     9 |     9 |     9 |       |       ||    33
       Ration            |       |     1 |     1 |     4 |    10 |    12 |     2 ||    30
Armor: Ring mail         |    18 |    28 |    24 |       |       |       |       ||    70
       Chain mail        |       |       |    45 |   199 |   207 |       |       ||   451
       Plate armour      |       |       |       |       |   382 |   806 |    69 ||  1257
Dodge: Dodged            |    63 |    86 |    83 |   222 |   400 |   514 |    63 ||  1431
Block: Shield            |       |       |       |       |   588 |   902 |   159 ||  1649
